 Dungeon Crawl Stone Soup version 0.30-a0-159-g068b764562 (webtiles) character file.

Game seed: 4315666941933772220

205 qw the Chopper (level 5, -21/33 HPs)
             Began as a Gargoyle Fighter on Sept 27, 2022.
             Demolished by an ogre
             ... wielding a +0 giant spiked club
              (25 damage)
             ... on level 3 of the Dungeon.
             The game lasted 00:00:58 (3074 turns).

qw the Chopper (Gargoyle Fighter)                   Turns: 3074, Time: 00:00:58

Health: -21/33     AC: 14    Str: 21    XL:     5   Next: 83%
Magic:  5/5        EV:  9    Int:  9    God:
Gold:   123        SH:  4    Dex:  9    Spells: 4/4 levels left

rFire   . . .      SeeInvis .    Y - +2 war axe
rCold   . . .      Faith    .    c - +0 buckler
rNeg    + . .      Spirit   .    b - +0 scale mail
rPois   inf        Reflect  .    (no helmet)
rElec   +          Harm     .    m - +1 cloak
rCorr   .          Rampage  .    (no gloves)
Will    .....                    i - +0 pair of boots
Stlth   ..........               (no amulet)
HPRegen 0.11/turn                (no ring)
MPRegen 0.09/turn                (no ring)

@: no status effects
A: sickness immunity, AC +4, negative energy resistance 1, electricity
resistance, torment resistance 1, petrification resistance
a: no special abilities


You were on level 3 of the Dungeon.
You visited 1 branch of the dungeon, and saw 3 of its levels.

You collected 123 gold pieces.


Innate Abilities, Weirdness & Mutations

You are immune to sickness and miasma.
Your stone body is resilient. (AC +4)
You are immune to poison.
You resist negative energy. (rN+)
You are resistant to electric shocks. (rElec)
You are resistant to unholy torment.
You are immune to petrification.


   Skills:
 + Level 3.7 Fighting
 - Level 5.1 Axes
 - Level 3.2 Armour
 - Level 3.2 Shields


You had 4 spell levels left.
You didn't know any spells.
Your spell library was empty.

Inventory:

Hand Weapons
 p - a +0 mace
 Y - a +2 war axe (weapon)
Armour
 b - a +0 scale mail (worn)
 c - a +0 buckler (worn)
 i - a +0 pair of boots (worn)
 m - a +1 cloak (worn)
 s - a +0 chain mail
Scrolls
 e - a scroll of acquirement {unknown}
 n - a scroll of butterflies {unknown}
 o - a scroll of poison {unknown}
 q - a scroll of identify
 r - a scroll of enchant armour {unknown}
Potions
 a - a potion of heal wounds {unknown}
 d - a potion of might
 f - a potion of lignification {unknown}
 g - a potion of haste {unknown}
 h - a potion of degeneration {unknown}
 j - a potion of flight {unknown}
 k - a potion of magic {unknown}
 l - a potion of mutation {unknown}

Dungeon Overview and Level Annotations

Branches:
Dungeon (3/15)

Altars:


Message History

2953 ||| DROPPING +0 club.
You drop a +0 club.
Found a jewelled lead wand.
Found a stone staircase leading down.
You now have 123 gold pieces (gained 6).
Found a stone staircase leading down.
You see here a wand of paralysis (3).
g - a murky grey potion
r - a scroll labelled TOJUXURUTHRE
There is a stone staircase leading down here.
s - a +0 chain mail
There is a stone staircase leading down here.
Natasha, Servant of Life and Death comes into view.
Enter note: Natasha mewls in sadness.
Natasha casts a spell.
You slice Natasha!!
You kill Natasha!
Natasha growls in agony!
The white imp disappears in a puff of smoke!
You hear a shout!
An ogre comes into view. It is wielding a +0 giant spiked club.
You hit the ogre.
The ogre is lightly wounded.
The ogre hits you but does no damage.
You hit the ogre.
The ogre is lightly wounded.
The ogre completely misses you.
You hit the ogre.
The ogre is moderately wounded.
The ogre hits you with a +0 giant spiked club!
You barely miss the ogre.
The ogre is moderately wounded.
You block the ogre's attack.
You hit the ogre.
The ogre is heavily wounded.
The ogre hits you with a +0 giant spiked club!
You slash the ogre!
The ogre is severely wounded.
The ogre hits you with a +0 giant spiked club!!
Ouch! That really hurt!
You die...

####../....# ######.....##
..##.......# #..........##
..######...#######.###.......#
...................###......%####
..##..>..........................
.>...###.#.############.....#####
...### #.#....## ##...##...#
##...# #.####..##### #.####...#
####.###.#####..@O.# #.# #....
####..##.......###..# #.# #....
..###.##.......# .# #.# #...#
#.###..........# # #.# #...#
#..######......# #.# #...# ##.###
#.<....# #.# #...#
#...####......# #.# #####
###....#......# .##.#
####........# ..#.# ###


You could see an ogre.

Vanquished Creatures
  A scorpion (D:3)
  Jessica (D:2)
  Natasha (D:3)
  3 adders (D:2)
  A worm (D:2)
  6 bats
  5 endoplasms
  3 giant cockroaches
  6 hobgoblins
  8 jackals
  2 quokkas (D:1)
  7 ball pythons
  A frilled lizard (D:1)
  5 goblins
  6 kobolds
  6 rats
62 creatures vanquished.

Notes
Turn   | Place    | Note
-------+----------+-------------------------------------------
     0 | D:1      | qw the Gargoyle Fighter began the quest for the Orb.
     0 | D:1      | Reached XP level 1. HP: 14/14 MP: 1/1
     0 | D:1      | 0 ||| qw: Version: 0.2-a-10-g37ed214
     0 | D:1      | 0 ||| qw: Game counter: 548
     0 | D:1      | 0 ||| qw: Always use a shield: true
     0 | D:1      | 0 ||| qw: God list: Okawaru
     0 | D:1      | 0 ||| qw: Allow faded altars: false
     0 | D:1      | 0 ||| qw: Do Orc after D:15 true
     0 | D:1      | 0 ||| qw: Do second Lair branch before Depths: true
     0 | D:1      | 0 ||| qw: Lair rune preference: random
     0 | D:1      | 0 ||| qw: Plans: Normal, Zot:1-4, God:TSO, Crypt, Tomb,
                  | Pan, Slime:5, Hells, Abyss, Orb
     0 | D:1      | 0 ||| PLANNING D:1-11
    33 | D:1      | Reached skill level 2 in Axes
    96 | D:1      | Reached XP level 2. HP: 19/19 MP: 2/2
   402 | D:1      | 402 ||| Stepping ~*~*~tactically~*~*~ (stealth).
   592 | D:1      | Found a faded altar of an unknown god.
   651 | D:1      | Reached skill level 3 in Axes
   795 | D:1      | Reached XP level 3. HP: 11/23 MP: 3/3
  1326 | D:1      | 1326 ||| READING scroll labelled BAOCWI SUANYBB.
  1375 | D:1      | 1375 ||| READING scroll labelled CACAAH FUSELEF.
  1376 | D:1      | 1376 ||| READING scroll labelled DUT YMAHEUTTE.
  1418 | D:2      | Noticed Jessica
  1419 | D:2      | 1419 ||| Stepping ~*~*~tactically~*~*~ (stealth).
  1420 | D:2      | 1420 ||| Stepping ~*~*~tactically~*~*~ (stealth).
  1423 | D:2      | 1423 ||| Stepping ~*~*~tactically~*~*~ (stealth).
  1444 | D:2      | 1444 ||| Stepping ~*~*~tactically~*~*~ (hiding).
  1445 | D:2      | 1445 ||| Stepping ~*~*~tactically~*~*~ (hiding).
  1452 | D:2      | Killed Jessica
  1453 | D:2      | Reached XP level 4. HP: 21/28 MP: 4/4
  1621 | D:2      | Reached skill level 4 in Axes
  1738 | D:2      | 1738 ||| Stepping ~*~*~tactically~*~*~ (hiding).
  1739 | D:2      | 1739 ||| Stepping ~*~*~tactically~*~*~ (hiding).
  2545 | D:2      | 2545 ||| UPGRADING to +0 pair of boots.
  2550 | D:2      | 2550 ||| UPGRADING to +1 cloak.
  2555 | D:2      | 2555 ||| READING scroll labelled PIN PESAOTHRIU.
  2584 | D:3      | 2584 ||| STAIRDANCE
  2654 | D:3      | 2654 ||| READING scroll of enchant weapon.
  2654 | D:3      | 2654 ||| ENCHANTING +1 war axe.
  2661 | D:3      | Noticed a scorpion
  2677 | D:3      | Killed a scorpion
  2678 | D:3      | Reached skill level 5 in Axes
  2678 | D:3      | Reached XP level 5. HP: 18/32 MP: 5/5
  2953 | D:3      | 2953 ||| DROPPING +0 club.
  3063 | D:3      | Noticed Natasha
  3065 | D:3      | Killed Natasha
  3066 | D:3      | Noticed an ogre
  3073 | D:3      | HP: 4/33 [ogre/+0 giant spiked club (13)]
  3074 | D:3      | Demolished by an ogre

Levels and vault maps discovered:
D:1:      erik_arrival_cave_to_civilisation [erik_arrival_cave_to_hall],
          layout_basic, shapermc_ecumenical_altar_flowoftime
D:2:      layout_basic, uniq_jessica
D:3:      layout_rooms, uniq_natasha

Skill      XL: |  1  2  3  4 |
---------------+-------------+-----
Axes           | 2 3 5 |  5.1
Fighting       | |  3.7
Armour         | |  3.2
Shields        | |  3.2

Action                   |  1- 3 |  4- 6 || total
-------------------------+-------+-------++-------
Melee: War axe           |    88 |   115 ||   203
  Use: Scroll            |     3 |     2 ||     5
Armor: Scale mail        |    51 |    60 ||   111
Dodge: Dodged            |    44 |    53 ||    97
Block: Buckler           |    16 |    22 ||    38

Table legend:
 A = Non-vault XP
 B = Vault XP
 C = Vault XP percentage of total XP
 D = Non-vault monster count
 E = Vault monster count
 F = Vault count percentage of total count
                 A         B        C        D         E       F
            +---------+---------+-------+---------+---------+-------
      Total |     218 |      75 |  25.6 |      58 |       4 |   6.5
            +---------+---------+-------+---------+---------+-------
        D:1 |      42 |       3 |   6.7 |      26 |       2 |   7.1
        D:2 |      78 |      37 |  32.2 |      25 |       1 |   3.8
        D:3 |      98 |      35 |  26.3 |       7 |       1 |  12.5
            +---------+---------+-------+---------+---------+-------
